 Dungeon Crawl Stone Soup version 0.30-a0-310-g7d6cbdfea6 (console) character file.

Game seed: 11442930552340053194

13 petzl the Sneak (level 2, -3/17 (24) HPs)
             Began as a Formicid Delver on Oct 24, 2022.
             Slain by a yak (6 damage)
             ... on level 11 of the Dungeon on Oct 25, 2022.
             The game lasted 00:23:12 (2833 turns).

petzl the Sneak (Formicid Delver)                   Turns: 2833, Time: 00:23:17

HP:   -3/17 (24)    AC:  4    Str: 16    XL:     2   Next: 50%
MP:   3/3           EV: 12    Int:  9    God:
Gold: 183           SH:  0    Dex: 19    Spells: 1/2 levels left

rFire   . . .      SeeInvis +    a - +4 short sword {freeze, *Rage rC++ Dex+4 SInv}
rCold   + + .      Faith    .    (no shield)
rNeg    . . .      Spirit   .    b - +0 leather armour
rPois   .          Reflect  .    (helmet unavailable)
rElec   .          Harm     .    (no cloak)
rCorr   .          Rampage  .    h - +0 pair of gloves
Will    .....                    (no boots)
Stlth   +++.......               q - amulet of the acrobat
HPRegen 0.22/turn                (no ring)
MPRegen 0.08/turn                (no ring)

@: very heavily drained
A: permanent stasis, dig shafts and tunnels, antennae 3, four strong arms
a: Dig, Shaft Self


You were on level 11 of the Dungeon.
You visited 1 branch of the dungeon, and saw 9 of its levels.

You collected 183 gold pieces.

Inventory:

Hand Weapons
 a - the +4 short sword "Faostredd" (weapon) {freeze, *Rage rC++ Dex+4 SInv}
   (You found it on level 11 of the Dungeon)

   It freezes those it strikes, dealing additional cold damage.
   It can also slow down cold-blooded creatures.
   Dex:       It affects your dexterity (+4).
   rC:        It greatly protects you from cold.
   SInv:      It lets you see invisible.
   *Rage:     It berserks you when you make melee attacks (+20% chance).
 t - a +0 falchion
Armour
 b - a +0 leather armour (worn)
 h - a +0 pair of gloves (worn)
 r - a +2 kite shield
Magical Staves
 s - a staff of air
Jewellery
 q - an amulet of the acrobat (around neck)
Wands
 f - a wand of digging (3)
 k - a wand of iceblast (8)
Scrolls
 c - a scroll of fog
 d - a scroll of magic mapping
 e - 2 scrolls of fear
 l - a scroll of vulnerability
 m - 2 scrolls of identify {unknown}
Potions
 g - a potion of curing
 i - a potion of heal wounds
 j - a potion of degeneration {unknown}
 n - a potion of might
 o - a potion of ambrosia
 p - a potion of haste {unknown}


   Skills:
 + Level 3.4 Fighting
 - Level 2.0 Long Blades
 + Level 0.7 Armour
 + Level 2.0 Dodging
 - Level 6.0 Stealth
 * Level 0.6 Spellcasting
 - Level 0.6 Evocations


You had one spell level left.
You knew the following spells:

 Your Spells              Type           Power      Damage    Failure   Level
a - Magic Dart            Conj           0%         1d3       43%         1

Your spell library contained the following spells:

 Spells                   Type           Power      Damage    Failure   Level
 Momentum Strike          Conj/Tloc      0%         3d8       56%         2
 Searing Ray              Conj           0%         2d4       56%         2
 Ignite Poison            Fire/Tmut/Pois 0%         N/A       80%         3
 Kindle Blastsparks       Fire/Tloc/Air  0%         2d10      80%         3
 Lesser Beckoning         Tloc           0%         N/A       80%         3
 Fulminant Prism          Conj/Hex       0%         3d6       99%         4
 Freezing Cloud           Conj/Ice/Air   0%         6-21      100%        5
 Blink                    Tloc           Unusable   N/A       N/A         2

Dungeon Overview and Level Annotations

Branches:
Dungeon (12/15)
 Temple: D:4-7         Lair: D:8-11         Orc: D:9-12

Altars:
Dithmenos

Portals:
Sewer: D:4

Annotations:
D:5 exclusion: adder
D:7 exclusions: centaur, downstairs and upstairs
D:8 exclusions: killer bee and orc
D:9 exclusions: downstairs, hornet, 3 wights and 2 yaks
D:10 exclusion: vampire mosquito
D:11 exclusions: downstairs, 2 howler monkeys and troll
D:12 exclusions: catoblepas and cyclops, Urug


Innate Abilities, Weirdness & Mutations

You cannot be hasted, slowed, berserked, paralysed or teleported.
You can dig through walls and to a lower floor.
You have a pair of large antennae on your head. (SInv)
Your four strong arms can wield two-handed weapons with a shield.


Message History

A catoblepas comes into view.
Press: ? - help, . - travel You can't see that place. [the floor.] Placed new exclusion.
Unknown command.
You sense a monster nearby.
Urug the Orcish Ballista comes into view.
She is wielding a +6 vorpal broad axe.
Level annotation: exclusion: catoblepas, Urug Welcome back, petzl the Formicid Delver.
Press ? for a list of commands and other information.
Really walk into a travel-excluded area?
Found a stone staircase leading down.
Found a scroll labelled SAAGIGIOPH.
Found a crooked copper wand.
m - 2 scrolls labelled SAAGIGIOPH (gained 1)
A cyclops comes into view.
You see here a wand of iceblast (8).
k - a wand of iceblast (8)
Press: ? - help, . - travel You can't see that place. [the floor.] Placed new exclusion.
Unknown command.
Found a stone staircase leading up.
Really walk into a travel-excluded area?
Okay, then.
Unknown command.
Unknown command.
Really walk into a travel-excluded area?
The cyclops shouts!
There is a stone staircase leading up here.
The cyclops throws a large rock.
The large rock hits you!
Ouch! That really hurt!
* * * LOW HITPOINT WARNING * * *
You climb upwards.
Level annotation: exclusions: downstairs, 2 howler monkeys and troll The yak bellows! x4
The yak gores you.
You die...

##.....# ######.###
#........# ##
#........# #.
#........# ####.
##........# #..+.
#........>h.#...##.
####......h...## ##
#........###
#####.#### #.# # #.
#.# # ####.#### ..#
### #.......# ##
######.. #.......#
##....'..
#.......####
+..####..
#.......... ####
#.. #.......# #..
#....@..# #..
#....YY.# #..
#..Y....# #..
###Y...## ###
.Y.... .####### #.
#


You could see 5 yaks.

Vanquished Creatures
  4 orcs
  2 jackals (D:5)
  2 kobolds (D:4)
8 creatures vanquished.

Vanquished Creatures (others)
  A plant (D:8)
1 creature vanquished.

Grand Total: 9 creatures vanquished

Notes
Turn   | Place    | Note
-------+----------+-------------------------------------------
     0 | D:5      | petzl the Formicid Delver began the quest for the Orb.
     0 | D:5      | Reached XP level 1. HP: 18/18 MP: 1/1
    14 | D:5      | Found a shadowy altar of Dithmenos.
    58 | D:5      | Reached XP level 2. HP: 19/24 MP: 2/2
   325 | D:4      | You fall into a shaft and drop 1 floor!
   447 | D:4      | Found a glowing drain.
   546 | D:4      | You fall into a shaft and drop 1 floor!
  1105 | D:6      | Noticed an ice beast
  1109 | D:6      | You fall into a shaft and drop 1 floor!
  1473 | D:7      | Noticed a centaur
  1539 | D:6      | Noticed a phantom
  1578 | D:8      | Noticed a bullfrog
  1585 | D:8      | You fall into a shaft and drop 1 floor!
  1588 | D:9      | Noticed a hornet
  1609 | D:9      | Noticed a wight
  1609 | D:9      | Noticed a wight
  1625 | D:9      | Noticed a yak
  1626 | D:9      | Noticed a yak
  1723 | D:10     | Entered Level 10 of the Dungeon
  1723 | D:10     | Noticed a vampire mosquito
  1731 | D:9      | Noticed a yak
  1732 | D:9      | Noticed a yak
  1753 | D:9      | Noticed a howler monkey
  1808 | D:9      | Noticed a deep elf pyromancer
  1964 | D:8      | Noticed a killer bee
  2017 | D:7      | Noticed a sky beast
  2047 | D:8      | You fall into a shaft and drop 3 floors!
  2130 | D:11     | Noticed a howler monkey
  2235 | D:9      | Noticed a wight
  2255 | D:8      | Noticed a black bear
  2263 | D:8      | Noticed a wyvern
  2278 | D:8      | Noticed a kobold brigand
  2280 | D:8      | Noticed a killer bee
  2282 | D:8      | You fall into a shaft and drop 2 floors!
  2329 | D:10     | Learned a level 1 spell: Magic Dart
  2374 | D:10     | Noticed a wraith
  2376 | D:9      | Noticed a killer bee
  2376 | D:9      | Noticed a killer bee
  2376 | D:9      | Noticed a killer bee
  2376 | D:9      | Noticed a killer bee
  2376 | D:9      | Noticed a killer bee
  2376 | D:9      | Noticed a killer bee
  2381 | D:9      | You fall into a shaft and drop 3 floors!
  2421 | D:12     | Noticed a boulder beetle
  2425 | D:11     | Noticed a howler monkey
  2464 | D:11     | Noticed a troll
  2488 | D:11     | Identified the +4 short sword "Faostredd" {freeze, *Rage
                  | rC++ Dex+4 SInv}
  2522 | D:11     | Noticed a vampire mosquito
  2586 | D:9      | You fall into a shaft and drop 1 floor!
  2629 | D:9      | You fall into a shaft and drop 3 floors!
  2724 | D:12     | Noticed a catoblepas
  2747 | D:12     | Noticed Urug
  2800 | D:12     | Noticed a cyclops
  2833 | D:11     | Noticed a yak
  2833 | D:11     | Noticed a yak
  2833 | D:11     | Noticed a yak
  2833 | D:11     | Noticed a yak
  2833 | D:11     | Noticed a yak
  2833 | D:11     | Slain by a yak

Illustrated notes

Levels and vault maps discovered:
D:4:      layout_loops_corners, gup_sewer_entry_glass, uniq_blork_the_orc
D:5:      layout_loops_ring, nicolae_dithmenos_the_darkroom
D:6:      layout_basic, grunt_temple_overflow_forces_of_nature,
          minmay_temple_entry_antechambers
D:7:      layout_loops_ring, chequers_serial_rivers_large_b,
          minmay_misc_feat_ornament, hangedman_decor_slide_cut, dk_vineyard_2,
          amcnicky_mini_pool_small, uniq_menkaure
D:8:      layout_layer_cave, grunt_temple_overflow_open, corexii_corridor_pit,
          grunt_ogre_cave, serial_bayou_lake_a
D:9:      minmay_bloctagon_deflated, layout_rooms, minmay_orc_entry_guard_dogs
D:10:     layout_rooms, xom_butterflies, david_lair_generic, uniq_snorg
D:11:     layout_roguey, grunt_ministairs_9, kennysheep_pointless_box,
          minmay_fractal_squares_gapless_5, uniq_erolcha
D:12:     layout_loops_ring, uniq_urug, uniq_jorgrun, uniq_nessos

Skill      XL: |  1  2 |
---------------+-------+-----
Dodging        | 2 |  2.0
Fighting       | |  3.4
Long Blades    | |  2.0
Armour         | |  0.7
Stealth        | |  6.0
Spellcasting   | |  0.6
Evocations     | |  0.6

Action                   || total
-------------------------++-------
Melee: Falchion          ||    25
       Short sword       ||     1
 Abil: Shaft Self        ||     9
       Dig               ||     4
  Use: Potion            ||     4
       Scroll            ||     2
 Stab: Sleeping          ||     1
Armor: Leather armour    ||     8
Dodge: Dodged            ||    35

Table legend: (Time is in decaauts)
 A = Elapsed time spent in this place.
 B = Non-inter-level travel time spent in this place.
 C = Inter-level travel time spent in this place.
 D = Time resting spent in this place.
 E = Time spent auto-exploring this place.
 F = Levels seen in this place.
 G = Mean time per level.
                   A        B        C        D        E       F      G
               +--------+--------+--------+--------+--------+-----+--------+
         Total |   2865 |   2704 |    161 |    453 |    150 |   9 |  318.3 |
       Dungeon |   2865 |   2704 |    161 |    453 |    150 |   9 |  318.3 |
               +--------+--------+--------+--------+--------+-----+--------+

Top non-repeatable levels by time:
     D:5: 576 daAuts
     D:7: 488 daAuts
     D:9: 445 daAuts
     D:4: 298 daAuts
    D:11: 255 daAuts
    D:12: 253 daAuts
     D:6: 241 daAuts
    D:10: 166 daAuts
     D:8: 140 daAuts
